AoeStats
← 牛欢喜

Arena

505051221Analyzed
4v4 RM · 24d ago on Sep 7, 2026· 62m 39s· 8 players
Game mode
Random Map
Map size
Large (8 player)
Population
200
Speed
Normal
Resources
Standard
Victory
Conquest
Starting age
Dark Age
Ending age
Imperial Age
RankedLock teamsTeams togetherTeam positionsShared explorationLock speedFull tech treeHidden civsTurbo modeCheats
Victory
Defeat
🇮🇳 Muisca · India
1745
+9
🇻🇳 Franks · Vietnam
1629
+13
🇮🇳 Goths · India
1521
+18
🇮🇳 Burgundians · India
1381
+23
🇨🇳 Maya · China
1637
-19
🇨🇳 Chinese · China
1599
-17
🇨🇳 Celts · China
1544
-15
🇩🇪 Spanish · Germany
1460
-12
MetallicChef630
4:43 Double-Bit Axe
9:07 Feudal Age
8:10 Horse Collar
11:30 Bow Saw
13:03 Heavy Plow
16:40 Wheelbarrow
21:25 Gold Mining
22:42 Hand Cart
23:08 Gold Shaft Mining
24:23 Loom
32:36 Castle Age
36:47 Imperial Age
34:34 Fortified Wall
35:45 Padded Archer Armor
38:31 Chemistry
39:01 Leather Archer Armor
42:16 Two-Man Saw
GuruGreatest
11:00 Feudal Age
14:38 Castle Age
13:23 Double-Bit Axe
13:20 Horse Collar
16:03 Wheelbarrow
15:45 Bow Saw
15:29 Gold Mining
15:47 Scale Mail Armor
19:07 Chain Mail Armor
20:11 Forging
20:40 Pikeman
23:22 Iron Casting
22:54 Squires
29:00 Wheelbarrow
31:23 Imperial Age
29:19 Man-at-Arms
31:39 Long Swordsman
33:09 Perfusion
34:53 Blast Furnace
35:55 Two-Handed Swordsman
ZiZi
8:51 Feudal Age
9:29 Double-Bit Axe
14:50 Loom
17:25 Castle Age
18:22 Bow Saw
21:52 Wheelbarrow
21:13 Gold Mining
21:19 Stone Mining
26:28 Forging
31:01 Imperial Age
29:12 Gold Mining
29:52 Hand Cart
29:40 Scale Mail Armor
30:38 Iron Casting
30:36 #83
32:08 Chain Mail Armor
32:02 Elite Throwing Axeman
33:29 Plate Mail Armor
33:01 Squires
32:47 Arson
32:47 Gambesons
33:30 Conscription
35:13 Blast Furnace
34:44 Pikeman
37:26 Halberdier
39:03 Fletching
40:05 Bodkin Arrow
43:50 Ballistics
44:31 Chemistry
44:01 Padded Archer Armor
44:40 Hoardings
47:20 Masonry
48:33 Architecture
50:34 Coinage
53:39 Murder Holes
55:33 Siege Engineers
Aqua Sama
11:01 Feudal Age
12:13 Double-Bit Axe
12:10 Horse Collar
14:53 Castle Age
14:19 Wheelbarrow
16:43 Bow Saw
21:17 Heavy Plow
22:40 Hand Cart
22:53 Gold Mining
22:53 Stone Mining
27:59 Imperial Age
25:41 Scale Mail Armor
25:51 Forging
26:38 Gold Shaft Mining
26:39 Stone Shaft Mining
26:14 Scale Mail Armor
26:45 Squires
28:22 Chain Mail Armor
28:43 Iron Casting
28:20 Champi Runner
30:05 Two-Man Saw
29:14 Siege Engineers
29:06 Champi Warrior
30:20 Conscription
30:02 Herbalism
29:55 Elite Champi Warrior
30:09 Onager
32:59 Coinage
33:09 Plate Mail Armor
35:07 Banking
34:40 Elite Temple Guard
38:30 Fletching
39:01 Ballistics
39:41 Chemistry
38:52 Masonry
40:53 Loom
40:54 Town Watch
42:23 Bodkin Arrow
44:46 Capped Ram
44:46 Siege Onager
45:39 Bracer
59:03 Pikeman
61:30 Crop Rotation
62:24 Town Patrol
咸酸菜
0:27 Loom
11:00 Feudal Age
15:09 Castle Age
13:49 Bloodlines
13:54 Double-Bit Axe
14:15 Horse Collar
17:12 Scale Barding Armor
19:46 Forging
24:40 Chain Barding Armor
29:10 Heavy Plow
29:52 Bow Saw
31:12 Wheelbarrow
32:35 Hand Cart
32:05 Town Watch
35:38 Imperial Age
33:23 Husbandry
34:10 Gold Mining
34:11 Stone Mining
34:11 Gold Mining
34:11 Stone Mining
35:49 Iron Casting
35:41 Cavalier
36:59 Plate Barding Armor
35:49 Light Cavalry
38:16 Blast Furnace
40:40 Fletching
41:15 Ballistics
41:55 Chemistry
40:47 Guard Tower
40:42 Arrowslits
41:07 Masonry
40:53 Murder Holes
41:02 Great Wall
42:56 Conscription
42:34 Bodkin Arrow
45:50 Keep
46:09 Bracer
46:46 Architecture
48:50 Coinage
55:36 Banking
56:57 Elite Skirmisher
59:22 Padded Archer Armor
60:35 Leather Archer Armor
Bz_青红
0:33 Loom
10:53 Feudal Age
15:31 Castle Age
13:19 Double-Bit Axe
13:17 Horse Collar
16:57 Bow Saw
17:30 Heavy Plow
21:18 Wheelbarrow
23:28 Hand Cart
29:00 Imperial Age
26:53 Gold Mining
27:05 Scale Mail Armor
28:04 Chain Mail Armor
27:27 Eagle Warrior
28:35 Squires
30:05 Conscription
30:16 Holcans
29:32 Elite Eagle Warrior
31:03 Plate Mail Armor
30:55 Capped Ram
32:17 Forging
32:32 Man-at-Arms
34:17 Iron Casting
33:41 Long Swordsman
34:23 Two-Handed Swordsman
43:55 Blast Furnace
牛欢喜
10:40 Feudal Age
14:26 Castle Age
12:15 Double-Bit Axe
13:27 Horse Collar
20:42 Heavy Plow
22:36 Wheelbarrow
22:39 Loom
23:26 Bow Saw
24:03 Gold Mining
27:30 Imperial Age
26:05 Hand Cart
26:28 Gold Shaft Mining
26:08 Forging
25:59 Scale Mail Armor
27:58 Iron Casting
27:23 Pikeman
27:48 Capped Ram
28:59 Furor Celtica
28:32 Heavy Scorpion
29:25 Halberdier
30:48 Siege Ram
32:05 Ballistics
36:24 Blast Furnace
35:40 Chain Mail Armor
37:12 Elite Woad Raider
38:40 Stone Mining
39:52 Siege Engineers
40:49 Chemistry
43:14 Plate Mail Armor
48:16 Fortified Wall
48:17 Masonry
49:01 Coinage
fake
10:02 Feudal Age
10:51 Loom
14:20 Castle Age
16:23 Horse Collar
16:31 Double-Bit Axe
22:09 Wheelbarrow
22:05 Gold Mining
24:22 Town Watch
28:49 Imperial Age
28:38 Scale Barding Armor
31:25 Chain Barding Armor
31:58 Bloodlines
32:52 Plate Barding Armor
32:15 Stone Mining
32:37 Bow Saw
33:09 Forging
33:28 Husbandry
32:50 Cavalier
37:59 Fletching
39:34 Bodkin Arrow
43:21 Bracer
45:11 Iron Casting
46:13 Hand Cart
50:14 Light Cavalry
51:46 Hussar
Connection lost

Rejoining the realm…

Still unreachable

The connection could not be restored.

Session expired

The server has moved on; the page needs a fresh start.